 Dungeon Crawl Stone Soup version 0.29-a0-284-gf9362112df (webtiles) character file.

Game seed: 15502619947730627644

86 YayAnonymity the Slasher (level 4, -1/36 HPs)
             Began as a Draconian Gladiator on Mar 25, 2022.
             Slain by a hobgoblin (3 damage)
             ... led by Robin
             ... on level 3 of the Dungeon.
             The game lasted 00:03:45 (2457 turns).

YayAnonymity the Slasher (Draconian Gladiator)      Turns: 2457, Time: 00:03:46

Health: -1/36      AC:  5    Str: 16    XL:     4   Next: 26%
Magic:  4/4        EV: 11    Int:  8    God:
Gold:   143        SH:  8    Dex: 15    Spells: 3/3 levels left

rFire   . . .      SeeInvis .   a - +0 long sword
rCold   . . .      Faith    .   m - +0 kite shield
rNeg    . . .      Spirit   .   (body armour unavailable)
rPois   .          Reflect  .   f - +0 hat
rElec   .          Harm     .   (no cloak)
rCorr   .          Rampage  .   (no gloves)
Will    .....                   (no boots)
Stlth   +.........              (no amulet)
HPRegen 0.12/turn               (no ring)
MPRegen 0.09/turn               (no ring)

@: mighty
A: AC +5, unfitting armour, cold-blooded
a: no special abilities


You were on level 3 of the Dungeon.
You visited 1 branch of the dungeon, and saw 3 of its levels.

You collected 143 gold pieces.

Inventory:

Hand Weapons
 a - a +0 long sword (weapon)
 b - a +5 dagger of flaming
Missiles
 c - 3 throwing nets (quivered)
 d - a javelin
 e - 10 poisoned darts
Armour
 f - a +0 hat (worn)
 m - a +0 kite shield (worn)
Scrolls
 g - 2 scrolls of immolation {unknown}
 h - 6 scrolls of identify {unknown}
 i - 4 scrolls of teleportation {unknown}
 p - a scroll of vulnerability {unknown}
Potions
 j - a potion of brilliance {unknown}
 k - a potion of haste {unknown}
 l - a potion of curing {unknown}
 n - a potion of might
 o - a potion of degeneration {unknown}


   Skills:
 - Level 2.1 Fighting
 * Level 4.4 Long Blades
 - Level 1.7 Throwing
 + Level 3.3 Dodging
 + Level 1.0 Shields


You had 3 spell levels left.
You didn't know any spells.
Your spell library contained the following spells:

 Spells                   Type           Power      Damage    Failure   Level
 Dazzling Flash           Conj/Hex       0%         N/A       99%         3
 Agony                    Necr           0%         N/A       100%        5
 Silence                  Hex/Air        0%         N/A       100%        5


Dungeon Overview and Level Annotations

Branches:
Dungeon (3/15)

Altars:

Shops:
D:1 (   D:2 [


Innate Abilities, Weirdness & Mutations

Your plain brown scales are hard. (AC +5)
You cannot fit into any form of body armour.
You are cold-blooded and may be slowed by cold attacks.


Message History

Robin hits you but does no damage.
You slash Robin!
You kill Robin!
The goblin no longer looks unusually strong.
The hobgoblin no longer looks unusually strong. x2
The hobgoblin barely misses you. You block the goblin's attack.
Your Shields skill increases to level 1!
You closely miss the goblin. You block the goblin's attack.
You block the hobgoblin's attack. The goblin barely misses you.
You closely miss the goblin.
The hobgoblin no longer looks unusually strong.
The goblin hits you but does no damage.
The hobgoblin hits you but does no damage.
You block the goblin's attack. x2; The goblin hits you but does no damage.
The hobgoblin hits you but does no damage.
You closely miss the goblin.
The goblin no longer looks unusually strong.
The goblin hits you with a +0 club.
* * * LOW HITPOINT WARNING * * *
You block the goblin's attack. The hobgoblin hits you.
* * * LOW HITPOINT WARNING * * *
You slash the goblin!
You kill the goblin!
The hobgoblin closely misses you. You block the hobgoblin's attack.
You block the goblin's attack.
You hit the goblin.
You kill the goblin!
You block the bat's attack. x2; The hobgoblin barely misses you.
The bat closely misses you. You block the bat's attack.
Things that are here:
a +0 club; a +0 dagger; a goblin corpse You barely miss the hobgoblin.
Your tail-slap misses the hobgoblin.
You block the hobgoblin's attack. The hobgoblin barely misses you.
You closely miss the hobgoblin.
The hobgoblin no longer looks unusually strong.
You block the hobgoblin's attack.
The hobgoblin hits you but does no damage.
The hobgoblin barely misses you. The hobgoblin hits you.
You die...

......# #.....# #.....# #.#
#.....# #.# #.....# #.# #.....#
#.# #.....# # #.#
###.#######.... #.#
#รท##@gggg.# #.#
######.##g####.#.# #)#
#........b..gg.g.#
##.###..#.#.##..###.... #
###........#......# $ .#
.....##..#....##..# ###..####
......##......###$... #<.......
.##.#.###.#.#.######..#.#..####
.##.#.# ##.#...# #..#.#..#


You could see 4 hobgoblins, a goblin and a bat.

Vanquished Creatures
  Robin (D:3)
  An adder (D:2)
  A worm (D:3)
  2 dart slugs
  An orc (D:3)
  6 endoplasms
  2 giant cockroaches
  8 goblins
  7 hobgoblins
  2 jackals (D:1)
  5 kobolds
  A quokka (D:3)
  2 ball pythons
  6 bats
  2 frilled lizards (D:2)
  8 rats
55 creatures vanquished.

Notes
Turn   | Place    | Note
-------+----------+-------------------------------------------
     0 | D:1      | YayAnonymity the Draconian Gladiator began the quest for
                  | the Orb.
     0 | D:1      | Reached XP level 1. HP: 17/17 MP: 1/1
   116 | D:1      | Reached XP level 2. HP: 18/24 MP: 2/2
   354 | D:1      | Found Inaop's Weapon Boutique.
   636 | D:1      | Reached XP level 3. HP: 29/29 MP: 3/3
   864 | D:2      | You fall into a shaft and drop 1 floor!
   873 | D:3      | Reached skill level 4 in Long Blades
  1588 | D:2      | Found Penafol's Armour Shoppe.
  2180 | D:3      | Reached XP level 4. HP: 6/36 MP: 4/4
  2435 | D:3      | Noticed Robin
  2449 | D:3      | Killed Robin
  2450 | D:3      | Reached skill level 1 in Shields
  2457 | D:3      | Slain by a hobgoblin

Illustrated notes

Levels and vault maps discovered:
D:1:      minmay_arrival_solitary_statue, layout_basic, serial_shops,
          nicolae_shop_competitors_out_of_business
D:2:      layout_basic, serial_shops, nicolae_shop_crystal, minmay_3d_cube
D:3:      layout_loops_cross, uniq_terence, uniq_robin

Skill      XL: |  1  2  3  4 |
---------------+-------------+-----
Dodging        | 3 |  3.3
Long Blades    | 4 |  4.4
Shields        | 1 |  1.0
Fighting       | |  2.1
Throwing       | |  1.7

Action                   |  1- 3 |  4- 6 || total
-------------------------+-------+-------++-------
Melee: Long sword        |    49 |    21 ||    70
       Tailslap          |     7 |     1 ||     8
       Dagger            |    44 |       ||    44
  Use: Potion            |       |     1 ||     1
Armor: Skin              |    14 |    15 ||    29
Dodge: Dodged            |    44 |    17 ||    61
Block: Kite shield       |    17 |    24 ||    41

Table legend: (Time is in decaauts)
 A = Elapsed time spent in this place.
 B = Non-inter-level travel time spent in this place.
 C = Inter-level travel time spent in this place.
 D = Time resting spent in this place.
 E = Time spent auto-exploring this place.
 F = Levels seen in this place.
 G = Mean time per level.
                   A        B        C        D        E       F      G
               +--------+--------+--------+--------+--------+-----+--------+
         Total |   2482 |   2397 |     85 |     43 |   1947 |   3 |  827.3 |
       Dungeon |   2482 |   2397 |     85 |     43 |   1947 |   3 |  827.3 |
               +--------+--------+--------+--------+--------+-----+--------+

Top non-repeatable levels by time:
     D:2: 1112 daAuts
     D:1: 779 daAuts
     D:3: 590 daAuts
